| TOP OF THE 1ST |
|
Lake County Captains batting - Pitching for Kannapolis Intimidators : LHP Randy Eisenmann
|
|
Pitching: LHP Randy Eisenmann
|
|
|
Batting: RHB George Wagner
|
0-0: Called Strike 0-1: Ball 1-1: Ball 2-1: Foul Ball, location: 2F 2-2: Ball 3-2: Ground out 6-3 (Groundball, 6M, EV 98.1 MPH)
|
|
Batting: RHB Steve Gusman
|
0-0: Ball 1-0: Foul Ball, location: 2F 1-1: Called Strike 1-2: Ball 2-2: Ground out 6-3 (Groundball, 6S, EV 91.2 MPH)
|
|
Batting: RHB Josh Patterson
|
0-0: Ball 1-0: Ground out 6-3 (Groundball, 56, EV 102.5 MPH)
|
| Top of the 1st over - 0 runs, 0 hits, 0 errors, 0 left on base; Lake County 0 - Kannapolis 0 |
| BOTTOM OF THE 1ST |
|
Kannapolis Intimidators batting - Pitching for Lake County Captains : RHP Arturo Rojas
|
|
Pitching: RHP Arturo Rojas
|
|
|
Batting: RHB Sean Peake
|
0-0: Ball 1-0: Swinging Strike 1-1: Foul Ball, location: 2F 1-2: Foul Ball, location: 2F 1-2: Ground out U3 (Groundball, 34, EV 85.0 MPH)
|
|
Batting: RHB Mike Warzecha
|
0-0: Called Strike 0-1: Foul Ball, location: 2F 0-2: Strikes out swinging, 2-3 out at first.
|
|
Batting: RHB Mark Jones
|
0-0: Ball 1-0: Called Strike 1-1: Ball 2-1: SINGLE (Line Drive, 4MD, EV 106.9 MPH)
|
|
Batting: LHB Herkko Haavikko
|
0-0: Ball 1-0: Called Strike 1-1: Ball 2-1: Ball 3-1: Base on Balls Mark Jones to second
|
|
Batting: RHB Nick Kleckner
|
0-0: Called Strike 0-1: Ball 1-1: Swinging Strike 1-2: Ball 2-2: Ball Wild Pitch! Mark Jones to third Herkko Haavikko to second 3-2: Strikes out looking
|
| Bottom of the 1st over - 0 runs, 1 hit, 0 errors, 2 left on base; Lake County 0 - Kannapolis 0 |
| TOP OF THE 2ND |
|
Lake County Captains batting - Pitching for Kannapolis Intimidators : LHP Randy Eisenmann
|
|
Batting: RHB Harris Leroux
|
0-0: Ball 1-0: Ball 2-0: SINGLE (Line Drive, 56D, EV 96.9 MPH)
|
|
Batting: RHB Adam McMillen
|
0-0: Called Strike 0-1: Called Strike 0-2: Ball 1-2: Ball 2-2: SINGLE (Groundball, 25, EV 69.4 MPH) (infield hit) Harris Leroux to second
|
|
Batting: LHB Aaron Caron
|
0-0: SINGLE (Groundball, 34D, EV 106.2 MPH) Harris Leroux to third Adam McMillen to second Runner from 3rd tries for Home, SAFE, throw by RF to home
|
|
Batting: RHB Chris Diaz
|
0-0: Ball 1-0: Ball 2-0: Ball 3-0: Base on Balls Adam McMillen to third Aaron Caron to second
|
|
Batting: RHB John Bianconi
|
0-0: DOUBLE (Line Drive, 78D, EV 103.1 MPH) Adam McMillen scores Aaron Caron scores Chris Diaz to third
|
|
Batting: RHB Anibal Casteles
|
0-0: Swinging Strike Passed Ball! Chris Diaz scores John Bianconi to third 0-1: Called Strike 0-2: Ball 1-2: Ground out 6-3 (Groundball, 6, EV 85.0 MPH) John Bianconi scores
|
|
Batting: RHB George Wagner
|
0-0: Called Strike 0-1: Swinging Strike 0-2: Ball 1-2: Strikes out swinging
|
|
Batting: RHB Steve Gusman
|
0-0: Called Strike 0-1: SINGLE (Groundball, 6S, EV 73.8 MPH) (infield hit)
|
|
Batting: RHB Josh Patterson
|
0-0: Called Strike 0-1: Ball 1-1: Ball 2-1: Called Strike 2-2: Ball Steve Gusman steals 2nd base 3-2: Strikes out swinging
|
| Top of the 2nd over - 5 runs, 5 hits, 0 errors, 1 left on base; Lake County 5 - Kannapolis 0 |
| BOTTOM OF THE 2ND |
|
Kannapolis Intimidators batting - Pitching for Lake County Captains : RHP Arturo Rojas
|
|
Batting: RHB Armando Vazquez
|
0-0: Ground out 4-3 (Groundball, 4, EV 88.1 MPH)
|
|
Batting: RHB Tatsunori Hayakawa
|
0-0: Ball 1-0: Foul Ball, location: 2F 1-1: Foul Ball, location: 2F 1-2: Ball 2-2: Fly out, F8 (Flyball, 8LD, EV 106.2 MPH)
|
|
Batting: RHB Jose Marquez
|
0-0: Ball 1-0: Foul Ball, location: 2F 1-1: Ground out 6-3 (Groundball, 6, EV 83.1 MPH)
|
| Bottom of the 2nd over - 0 runs, 0 hits, 0 errors, 0 left on base; Lake County 5 - Kannapolis 0 |
| TOP OF THE 3RD |
|
Lake County Captains batting - Pitching for Kannapolis Intimidators : LHP Randy Eisenmann
|
|
Batting: RHB Harris Leroux
|
0-0: Ground out 6-3 (Groundball, 56, EV 83.1 MPH)
|
|
Batting: RHB Adam McMillen
|
0-0: Called Strike 0-1: Foul Ball, location: 2F 0-2: Strikes out swinging
|
|
Batting: LHB Aaron Caron
|
0-0: Ball 1-0: Swinging Strike 1-1: Ball 2-1: Ground out 4-3 (Groundball, 34D, EV 103.8 MPH)
|
| Top of the 3rd over - 0 runs, 0 hits, 0 errors, 0 left on base; Lake County 5 - Kannapolis 0 |
| BOTTOM OF THE 3RD |
|
Kannapolis Intimidators batting - Pitching for Lake County Captains : RHP Arturo Rojas
|
|
Batting: RHB Dunlang Clark
|
0-0: Ball 1-0: Called Strike 1-1: Called Strike 1-2: Strikes out swinging
|
|
Batting: RHB Sean Peake
|
0-0: Called Strike 0-1: Ball 1-1: Ball 2-1: Foul Ball, location: 2F 2-2: Fly out, F8 (Flyball, 8RXD, EV 91.2 MPH)
|
|
Batting: RHB Mike Warzecha
|
0-0: Ball 1-0: Called Strike 1-1: Ball 2-1: SINGLE (Line Drive, 7LS, EV 86.9 MPH)
|
|
Batting: RHB Mark Jones
|
0-0: Ball 1-0: SINGLE (Groundball, 4MD, EV 96.9 MPH) Mike Warzecha to second
|
|
Batting: LHB Herkko Haavikko
|
0-0: Called Strike 0-1: Fly out, F9 (Flyball, 9S, EV 93.1 MPH)
|
| Bottom of the 3rd over - 0 runs, 2 hits, 0 errors, 2 left on base; Lake County 5 - Kannapolis 0 |
| TOP OF THE 4TH |
|
Lake County Captains batting - Pitching for Kannapolis Intimidators : LHP Randy Eisenmann
|
|
Batting: RHB Chris Diaz
|
0-0: Ball 1-0: Ground out 5-3 (Groundball, 5S, EV 83.8 MPH)
|
|
Batting: RHB John Bianconi
|
0-0: Called Strike 0-1: SINGLE (Groundball, 34D, EV 98.8 MPH)
|
|
Batting: RHB Anibal Casteles
|
0-0: Ball 1-0: Ball 2-0: Fly out, F7 (Line Drive, 7, EV 92.5 MPH)
|
|
Batting: RHB George Wagner
|
0-0: Called Strike 0-1: Fielders Choice at 2nd, 5-4 (Groundball, 56, EV 80.6 MPH)
|
| Top of the 4th over - 0 runs, 1 hit, 0 errors, 1 left on base; Lake County 5 - Kannapolis 0 |
| BOTTOM OF THE 4TH |
|
Kannapolis Intimidators batting - Pitching for Lake County Captains : RHP Arturo Rojas
|
|
Batting: RHB Nick Kleckner
|
0-0: Ball 1-0: Foul Ball, location: 2F 1-1: Foul Ball, location: 2F 1-2: Foul Ball, location: 2F 1-2: Ground out 5-3 (Groundball, 56, EV 81.9 MPH)
|
|
Batting: RHB Armando Vazquez
|
0-0: Called Strike 0-1: Ball 1-1: Swinging Strike 1-2: Fly out, F7 (Flyball, 7, EV 88.1 MPH)
|
|
Batting: RHB Tatsunori Hayakawa
|
0-0: Ball 1-0: Foul Ball, location: 2F 1-1: Called Strike 1-2: Strikes out swinging
|
| Bottom of the 4th over - 0 runs, 0 hits, 0 errors, 0 left on base; Lake County 5 - Kannapolis 0 |
| TOP OF THE 5TH |
|
Lake County Captains batting - Pitching for Kannapolis Intimidators : LHP Randy Eisenmann
|
|
Batting: RHB Steve Gusman
|
0-0: Ball 1-0: Swinging Strike 1-1: Ground out 6-3 (Groundball, 56, EV 85.6 MPH)
|
|
Batting: RHB Josh Patterson
|
0-0: Fly out, F1 (Line Drive, P, EV 66.2 MPH)
|
|
Batting: RHB Harris Leroux
|
0-0: Ball 1-0: Ground out 4-3 (Groundball, 6M, EV 92.5 MPH)
|
| Top of the 5th over - 0 runs, 0 hits, 0 errors, 0 left on base; Lake County 5 - Kannapolis 0 |
| BOTTOM OF THE 5TH |
|
Kannapolis Intimidators batting - Pitching for Lake County Captains : RHP Arturo Rojas
|
|
Batting: RHB Jose Marquez
|
0-0: Called Strike 0-1: Foul Ball, location: 2F 0-2: Foul Ball, location: 2F 0-2: Ball 1-2: Foul Ball, location: 2F 1-2: Strikes out swinging
|
|
Batting: RHB Dunlang Clark
|
0-0: Ground out 1-3 (Groundball, P, EV 67.5 MPH)
|
|
Batting: RHB Sean Peake
|
0-0: Called Strike 0-1: Foul Ball, location: 2F 0-2: Ball 1-2: Ball 2-2: Reached on error, E4 (Groundball, 4, EV 109.4 MPH)
|
|
Batting: RHB Mike Warzecha
|
0-0: Fly out, F8 (Flyball, 8LM, EV 89.4 MPH)
|
| Bottom of the 5th over - 0 runs, 0 hits, 1 error, 1 left on base; Lake County 5 - Kannapolis 0 |
| TOP OF THE 6TH |
|
Lake County Captains batting - Pitching for Kannapolis Intimidators : LHP Randy Eisenmann
|
|
Pitching: LHP Eric Larsen
|
|
|
Batting: RHB Adam McMillen
|
0-0: Called Strike 0-1: Ball 1-1: Called Strike 1-2: Ball 2-2: Foul Ball, location: 2F 2-2: Strikes out looking
|
|
Batting: LHB Aaron Caron
|
0-0: Ball 1-0: Ground out 4-3 (Groundball, 4, EV 100.6 MPH)
|
|
Batting: RHB Chris Diaz
|
0-0: Ground out 6-3 (Groundball, 6, EV 82.5 MPH)
|
| Top of the 6th over - 0 runs, 0 hits, 0 errors, 0 left on base; Lake County 5 - Kannapolis 0 |
| BOTTOM OF THE 6TH |
|
Kannapolis Intimidators batting - Pitching for Lake County Captains : RHP Arturo Rojas
|
|
Batting: RHB Mark Jones
|
0-0: Called Strike 0-1: Ball 1-1: Foul Ball, location: 2F 1-2: Strikes out looking
|
|
Batting: LHB Herkko Haavikko
|
0-0: Called Strike 0-1: Ball 1-1: Foul Ball, location: 2F 1-2: Ball 2-2: Fly out, F2 (Popup, 2L, EV 88.8 MPH)
|
|
Batting: RHB Nick Kleckner
|
0-0: Ball 1-0: Called Strike 1-1: Foul Ball, location: 2F 1-2: Strikes out swinging
|
| Bottom of the 6th over - 0 runs, 0 hits, 0 errors, 0 left on base; Lake County 5 - Kannapolis 0 |
| TOP OF THE 7TH |
|
Lake County Captains batting - Pitching for Kannapolis Intimidators : LHP Eric Larsen
|
|
Batting: RHB John Bianconi
|
0-0: Foul Ball, location: 2F 0-1: Ball 1-1: SINGLE (Groundball, 34D, EV 101.2 MPH)
|
|
Batting: RHB Anibal Casteles
|
0-0: Called Strike 0-1: Called Strike 0-2: Strikes out swinging
|
|
Batting: RHB George Wagner
|
0-0: Swinging Strike 0-1: Swinging Strike 0-2: Ball 1-2: Strikes out swinging
|
|
Batting: RHB Steve Gusman
|
0-0: Ball 1-0: Foul Ball, location: 2F 1-1: Called Strike 1-2: Ball 2-2: Strikes out looking
|
| Top of the 7th over - 0 runs, 1 hit, 0 errors, 1 left on base; Lake County 5 - Kannapolis 0 |
| BOTTOM OF THE 7TH |
|
Kannapolis Intimidators batting - Pitching for Lake County Captains : RHP Arturo Rojas
|
|
Batting: RHB Armando Vazquez
|
0-0: Foul Ball, location: 2F 0-1: Foul Ball, location: 2F 0-2: Ball 1-2: Ball 2-2: Strikes out swinging
|
|
Batting: RHB Tatsunori Hayakawa
|
0-0: Ball 1-0: Swinging Strike 1-1: Ball 2-1: SOLO HOME RUN (Flyball, 7D, EV 93.1 MPH), Distance : 359 ft
|
|
Batting: RHB Jose Marquez
|
0-0: Called Strike 0-1: Foul Ball, location: 2F 0-2: Strikes out swinging
|
|
Batting: RHB Dunlang Clark
|
0-0: Ball 1-0: Called Strike 1-1: Ball 2-1: Ball 3-1: Foul Ball, location: 2F 3-2: Strikes out swinging
|
| Bottom of the 7th over - 1 run, 1 hit, 0 errors, 0 left on base; Lake County 5 - Kannapolis 1 |
| TOP OF THE 8TH |
|
Lake County Captains batting - Pitching for Kannapolis Intimidators : LHP Eric Larsen
|
|
Pitching: LHP Travis Sergo
|
|
|
Batting: RHB Josh Patterson
|
0-0: Ball 1-0: Foul Ball, location: 2F 1-1: Swinging Strike 1-2: Ground out 1-3 (Groundball, 25, EV 66.9 MPH)
|
|
Batting: RHB Harris Leroux
|
0-0: Ground out 1-3 (Groundball, 13S, EV 70.6 MPH)
|
|
Batting: RHB Adam McMillen
|
0-0: Ball 1-0: Fly out, F4 (Popup, 3DF, EV 63.8 MPH)
|
| Top of the 8th over - 0 runs, 0 hits, 0 errors, 0 left on base; Lake County 5 - Kannapolis 1 |
| BOTTOM OF THE 8TH |
|
Kannapolis Intimidators batting - Pitching for Lake County Captains : RHP Arturo Rojas
|
|
Pitching: LHP Troy Salzer
|
|
|
Batting: RHB Sean Peake
|
0-0: Foul Ball, location: 2F 0-1: Ball 1-1: Foul Ball, location: 2F 1-2: Strikes out swinging
|
|
Batting: RHB Mike Warzecha
|
0-0: Called Strike 0-1: Called Strike 0-2: Ball 1-2: Ball 2-2: Foul Ball, location: 2F 2-2: Ball 3-2: SINGLE (Line Drive, 34, EV 96.9 MPH)
|
|
Batting: RHB Mark Jones
|
0-0: Called Strike 0-1: Foul Ball, location: 2F 0-2: Ball 1-2: Ball 2-2: Ball 3-2: Strikes out swinging
|
|
Batting: LHB Herkko Haavikko
|
0-0: Ball 1-0: Ball 2-0: Fly out, F7 (Flyball, 78M, EV 76.9 MPH)
|
| Bottom of the 8th over - 0 runs, 1 hit, 0 errors, 1 left on base; Lake County 5 - Kannapolis 1 |
| TOP OF THE 9TH |
|
Lake County Captains batting - Pitching for Kannapolis Intimidators : LHP Travis Sergo
|
|
Batting: LHB Aaron Caron
|
0-0: Ball 1-0: Foul Ball, location: 2F 1-1: Fly out, F7 (Flyball, 78M, EV 92.5 MPH)
|
|
Batting: RHB Chris Diaz
|
0-0: Swinging Strike 0-1: Ball 1-1: Ball 2-1: Ball 3-1: Swinging Strike 3-2: Foul Ball, location: 2F 3-2: DOUBLE (Line Drive, 5D, EV 94.4 MPH)
|
|
Batting: RHB John Bianconi
|
0-0: Ball 1-0: Foul Ball, location: 2F 1-1: Called Strike 1-2: Strikes out swinging
|
|
Batting: RHB Anibal Casteles
|
0-0: Ball 1-0: Ball 2-0: Ball 3-0: Called Strike 3-1: Fly out, F8 (Line Drive, 89D, EV 92.5 MPH)
|
| Top of the 9th over - 0 runs, 1 hit, 0 errors, 1 left on base; Lake County 5 - Kannapolis 1 |
| BOTTOM OF THE 9TH |
|
Kannapolis Intimidators batting - Pitching for Lake County Captains : LHP Troy Salzer
|
|
Pitching: RHP Nate Burnett
|
|
|
Batting: RHB Nick Kleckner
|
0-0: Called Strike 0-1: Ball 1-1: Ball 2-1: DOUBLE (Line Drive, 9LM, EV 93.1 MPH)
|
|
Batting: RHB Armando Vazquez
|
0-0: Called Strike 0-1: Ball 1-1: Foul Ball, location: 2F 1-2: Foul Ball, location: 2F 1-2: Foul Ball, location: 2F 1-2: Strikes out swinging
|
|
Batting: RHB Tatsunori Hayakawa
|
0-0: Foul Ball, location: 2F 0-1: Foul Ball, location: 2F 0-2: Ground out 4-3 (Groundball, 4, EV 84.4 MPH) Nick Kleckner to third
|
|
Batting: RHB Jose Marquez
|
0-0: Swinging Strike 0-1: Ball Wild Pitch! Nick Kleckner scores 1-1: Ball 2-1: Ball 3-1: Base on Balls
|
|
Pitching: RHP Justin Stone
|
|
|
Batting: RHB Dunlang Clark
|
0-0: Foul Ball, location: 2F 0-1: Ball 1-1: Foul Ball, location: 2F 1-2: Foul Ball, location: 2F 1-2: Ground out 4-3 (Groundball, 34, EV 102.5 MPH)
|
| Bottom of the 9th over - 1 run, 1 hit, 0 errors, 1 left on base; Lake County 5 - Kannapolis 2 |
|